 Dungeon Crawl Stone Soup version 0.20.0-10-g0535bb4 (webtiles) character file.

201 McKennaii the Covered (level 5, -3/41 HPs)
             Began as a Demonspawn Fighter on June 5, 2017.
             Slain by an ogre
             ... wielding a +0 giant club
              (20 damage)
             ... on level 4 of the Dungeon.
             The game lasted 00:03:50 (2334 turns).

McKennaii the Covered (Demonspawn Fighter)          Turns: 2334, Time: 00:03:50

Health: -3/41      AC:  9    Str: 16    XL:     5   Next: 50%
Magic:  5/5        EV:  7    Int: 10    God:
Gold:   186        SH:  9    Dex: 13    Spells: 4/4 levels left

rFire    . . .     SeeInvis .   a - +0 long sword
rCold    . . .     Gourm    .   c - +0 shield
rNeg     . . .     Faith    .   b - +0 scale mail
rPois    .         Spirit   .   y - +0 helmet
rElec    .         Reflect  .   q - +0 cloak
rCorr    .         Harm     .   (no gloves)
MR       .....                  (no boots)
Stlth    +.........             p - amulet of regeneration
Regen    0.6/turn               (no ring)
MPRegen  0.1/turn               (no ring)

@: no status effects
A: hooves 1, nightstalker 1, powered by pain 1
a: no special abilities


You were on level 4 of the Dungeon.
You were not hungry.

You visited 1 branch of the dungeon, and saw 4 of its levels.

You collected 186 gold pieces.

Inventory:

Hand Weapons
 a - a +0 long sword (weapon)
Armour
 b - a +0 scale mail (worn)
 c - a +0 shield (worn)
 q - a +0 cloak (worn)
 y - a +0 helmet (worn)
Jewellery
 p - an amulet of regeneration (around neck)
Wands
 s - a wand of confusion (29/48)
 u - a wand of lightning (5/15)
Scrolls
 e - 3 scrolls of fear {unknown}
 i - 2 scrolls of teleportation {unknown}
 j - a scroll of immolation {unknown}
 k - a scroll of noise {unknown}
 l - 4 scrolls of remove curse {unknown}
 m - 2 scrolls of identify {unknown}
 v - a scroll of magic mapping {unknown}
Potions
 g - 2 potions of invisibility {unknown}
 h - a potion of magic {unknown}
 o - a potion of mutation {unknown}
 w - a potion of heal wounds {unknown}
 x - a potion of brilliance {unknown}
Comestibles
 d - 2 chunks of flesh
 f - 5 bread rations
 n - a meat ration
 r - a fruit
 t - 2 royal jellies


   Skills:
 + Level 3.4 Fighting
 + Level 3.1 Long Blades
 + Level 3.7 Armour
 + Level 1.1 Dodging
 + Level 0.6 Stealth
 + Level 3.6 Shields


You had 4 spell levels left.
You didn't know any spells.

Dungeon Overview and Level Annotations

Branches:
Dungeon (4/15)
 Temple: D:4-7

Altars:


Innate Abilities, Weirdness & Mutations

You have large cloven feet.
You are slightly more attuned to the shadows.
You sometimes gain a little power by taking damage.


Message History

The ogre barely misses you.
You can't go down here!
Unknown command.
Evoke which item? (* to show all) (? for menu, Esc to quit)
Aiming: Lightning Bolt (will waste charges)
Press: ? - help, Shift-Dir - straight line, f - ogre
Aim: an ogre, wielding a giant club (moderately wounded)
Okay, then.
Evoke which item? (* to show all) (? for menu, Esc to quit)
Aiming: Lightning Bolt (will waste charges)
Press: ? - help, Shift-Dir - straight line You hear a mighty clap of thunder!
The bolt of lightning hits the ogre.
The ogre is severely wounded.
The bolt of lightning hits the ogre.
The ogre is almost dead.
Evoking this partially-identified wand wasted a few charges.
You hear an angry hiss.
The ogre hits you with a giant club!!
You die...

#..........# #.##.#.#
...........# #......#
.......#..##+#######.###
........>.....#...#.#
#.#..#....#.#.#.#
#....#....#.#.#.#####
#...##....#.#.......#
#....+....'...#.###.#
#...##....#@#.#.#
#...##....#O#.#.#
#...........#.#.#
#############.#.# #.#.#


You could see an ogre.

Vanquished Creatures
  A howler monkey (D:3)
  An iguana (D:4)
  A hound zombie (D:3)
  Robin (D:4)
  2 adders (D:2)
  3 worms
  A dart slug (D:1)
  3 leopard geckos
  5 orcs (D:3)
  7 bats
  10 goblins
  6 hobgoblins
  8 jackals
  4 kobolds
  A quokka (D:2)
  6 ball pythons
  5 frilled lizards
  A quokka skeleton (D:4)
  11 rats
77 creatures vanquished.

Notes
Turn   | Place    | Note
-------+----------+-------------------------------------------
     0 | D:1      | McKennaii the Demonspawn Fighter began the quest for the Orb.
     0 | D:1      | Reached XP level 1. HP: 18/18 MP: 1/1
   165 | D:1      | Gained mutation: You sometimes gain a little power by taking damage. [demonic ancestry]
   165 | D:1      | Reached XP level 2. HP: 24/24 MP: 2/2
   947 | D:2      | You fall through a shaft!
   977 | D:3      | Gained mutation: You have large cloven feet. [demonic ancestry]
   977 | D:3      | Reached XP level 3. HP: 28/29 MP: 3/3
  1630 | D:3      | Gained mutation: You are slightly more attuned to the shadows. [demonic ancestry]
  1630 | D:3      | Reached XP level 4. HP: 29/35 MP: 4/4
  2188 | D:4      | Noticed Robin
  2225 | D:3      | Reached XP level 5. HP: 11/41 MP: 5/5
  2240 | D:4      | Reached skill level 1 in Dodging
  2254 | D:4      | Killed Robin
  2321 | D:4      | Noticed an ogre
  2334 | D:4      | Slain by an ogre

Skill      XL: |  1  2  3  4  5 |
---------------+----------------+-----
Long Blades    | 2 3 |  3.1
Armour         | 3 |  3.7
Shields        | 3 |  3.6
Dodging        | 1 |  1.1
Fighting       | |  3.4
Stealth        | |  0.6

Action                   |  1- 3 |  4- 6 || total
-------------------------+-------+-------++-------
Melee: Long sword        |   141 |   131 ||   272
       Kick              |     8 |    29 ||    37
Evoke: Wand              |       |     1 ||     1
  Use: Potion            |       |     1 ||     1
  Eat: Chunk             |     2 |     3 ||     5
Armor: Scale mail        |    90 |    80 ||   170
Dodge: Dodged            |    34 |    65 ||    99
Block: Shield            |    79 |   100 ||   179
       Rpst.: Long sword |    11 |    18 ||    29
